 Dungeon Crawl Stone Soup version 0.27-a0-931-g5a74e75d8f (webtiles) character file.

Game seed: 10777531851835833327

49 mhtbhm the Digger (level 3, -2/19 HPs)
             Began as a Gargoyle Earth Elementalist on Apr 10, 2021.
             Killed by divine providence
             ... invoked by an orc priest
              (11 damage)
             ... on level 2 of the Dungeon.
             The game lasted 00:02:00 (1548 turns).

mhtbhm the Digger (Gargoyle Earth Elementalist)     Turns: 1548, Time: 00:02:00

Health: -2/19      AC:  5    Str: 11    XL:     3   Next: 75%
Magic:  1/6        EV: 12    Int: 16    God:
Gold:   43         SH:  0    Dex: 10    Spells: 6/7 levels left

rFire    + . .     SeeInvis .   d - +0 whip
rCold    + . .     Faith    .   (no shield)
rNeg     + . .     Spirit   .   c - +0 robe
rPois    ∞         Reflect  .   (no helmet)
rElec    +         Harm     .   (no cloak)
rCorr    +         Rampage  .   (no gloves)
Will     .....                  (no boots)
Stlth    ++........             (no amulet)
HPRegen  0.06/turn              (no ring)
MPRegen  0.10/turn              (no ring)

@: resistant, hasted, very quick
A: AC +3, negative energy resistance 1, electricity resistance, torment
resistance 1, unbreathing 1, petrification resistance
a: no special abilities


You were on level 2 of the Dungeon.
You visited 1 branch of the dungeon, and saw 2 of its levels.

You collected 43 gold pieces.

Inventory:

Hand Weapons
 d - a +0 whip (weapon)
Missiles
 b - 37 stones
Armour
 c - a +0 robe (worn)
Scrolls
 a - a scroll of enchant armour {unknown}
 h - a scroll of acquirement {unknown}


   Skills:
 + Level 0.2 Fighting
 + Level 0.8 Maces & Flails
 + Level 1.7 Dodging
 - Level 2.1 Stealth
 + Level 2.5 Spellcasting
 + Level 0.7 Transmutations
 + Level 4.7 Earth Magic


You had 6 spell levels left.
You knew the following spells:

 Your Spells              Type           Power      Damage    Failure   Level
a - Sandblast             Erth           34%        2d9       2%          1

Your spell library contained the following spells:

 Spells                   Type           Power      Damage    Failure   Level
 Passwall                 Tmut/Erth      8%         N/A       10%         2
 Stone Arrow              Conj/Erth      18%        3d8       22%         3
 Petrify                  Tmut/Erth      10%        N/A       54%         4
 Lee's Rapid Deconstruct  Erth           8%         3d8*      61%         5


Dungeon Overview and Level Annotations

Branches:
Dungeon (2/15)

Altars:


Innate Abilities, Weirdness & Mutations

Your stone body is resilient. (AC +3)
You are immune to poison.
You resist negative energy. (rN+)
You are resistant to electric shocks. (rElec)
You are resistant to unholy torment.
You can survive without breathing.
You are immune to petrification.


Message History

Casting: Sandblast (safe; 3% risk of failure)
Confirm with . or Enter, or press ? or * to list all spells.
Aiming: Sandblast (safe; 3% risk of failure)
Press: ? - help, Shift-Dir - straight line The blast of sand hits something but does no damage.
Something barely misses you.
Unknown command.
Casting: Sandblast (safe; 3% risk of failure)
Confirm with . or Enter, or press ? or * to list all spells.
Aiming: Sandblast (safe; 3% risk of failure)
Press: ? - help, Shift-Dir - straight line The blast of sand hits something.
The orc priest looks braver for a moment.
Something hits you but does no damage.
Unknown command.
Casting: Sandblast (safe; 3% risk of failure)
Confirm with . or Enter, or press ? or * to list all spells.
You don't have enough magic to cast this spell.
It was a potion of resistance.
You feel protected. Something hits you.
It was a potion of curing.
You feel better.
The orc priest looks satisfied for a moment.
You hear some strange, mumbled words.
A magic dart appears from out of thin air!
The magic dart hits you.
It was a potion of haste.
You feel yourself speed up. Something hits you.
You hit something.
Reactivating autopickup.
You feel a bit more experienced.
Your magical contamination has completely faded away.
You open the door.
A bat comes into view.
The bat misses you.
There is an open door here.
The bat hits you but does no damage.
The orc priest calls down the wrath of Beogh upon you.
Beogh smites you!
Ouch! That really hurt!
You die...

.#####..# ##.....##
........# ##.......##
##.##.##
#.........####......##
+.........+.......#...
#.........####...###..
#.......# ##.# ##.
#.....# #..###.. #.@b#
###.#.## ##'## #...# #.#
##.## #o# #.# ##.## #.#
##.o.## #.# #.....# #.#
##.o.## #######.#
#.#######.######.......#


You could see an orc priest, 2 orcs and a bat.

Vanquished Creatures
  An orc wizard (D:2)
  An orc (D:2)
  2 endoplasms (D:1)
  5 goblins (D:1)
  3 hobgoblins (D:1)
  A quokka (D:1)
  2 ball pythons (D:1)
  2 frilled lizards (D:1)
  3 kobolds (D:1)
  2 rats (D:1)
22 creatures vanquished.

Notes
Turn   | Place    | Note
-------+----------+-------------------------------------------
     0 | D:1      | mhtbhm the Gargoyle Earth Elementalist began the quest for
                  | the Orb.
     0 | D:1      | Reached XP level 1. HP: 10/10 MP: 3/3
     3 | D:1      | Noticed an electric eel
     4 | D:1      | Noticed an electric eel
   411 | D:1      | Reached skill level 4 in Earth Magic
   446 | D:1      | Reached XP level 2. HP: 14/15 MP: 0/5
  1532 | D:2      | Reached XP level 3. HP: 9/19 MP: 3/6
  1548 | D:2      | Killed from afar by an orc priest

Illustrated notes

Levels and vault maps discovered:
D:1:      arrival_aquarium_b, layout_loops_ring, minmay_misc_feat_enclosed,
          hangedman_decor_growths, grunt_decor_clamped,
          minmay_tree_intersection, minmay_misc_feat_cross, minmay_octomino_c4
D:2:      layout_loops_corners, guppyfry_early_orc_mine

Skill      XL: |  1 |
---------------+----+-----
Earth Magic    | 4 |  4.7
Fighting       | |  0.2
Maces & Flails | |  0.8
Dodging        | |  1.7
Stealth        | |  2.1
Spellcasting   | |  2.5
Transmutations | |  0.7

Action                   || total
-------------------------++-------
Melee: Unarmed           ||     6
       Whip              ||    41
 Cast: Sandblast         ||    15
  Use: Potion            ||     3
Armor: Robe              ||    21
Dodge: Dodged            ||    24

Table legend: (Time is in decaauts)
 A = Elapsed time spent in this place.
 B = Non-inter-level travel time spent in this place.
 C = Inter-level travel time spent in this place.
 D = Time resting spent in this place.
 E = Time spent auto-exploring this place.
 F = Levels seen in this place.
 G = Mean time per level.
                   A        B        C        D        E       F      G
               +--------+--------+--------+--------+--------+-----+--------+
         Total |   1547 |   1493 |     54 |    204 |   1104 |   2 |  773.5 |
       Dungeon |   1547 |   1493 |     54 |    204 |   1104 |   2 |  773.5 |
               +--------+--------+--------+--------+--------+-----+--------+

Top non-repeatable levels by time:
     D:1: 1487 daAuts
     D:2: 60 daAuts
